[ AOE2 MATCH · #505755379 ]
UnrankedMaya vs Persians
Player's team · LOSS
Rival team · WIN
[ REPLAY ANALYSIS · EXTRACTED FROM THE RECORDED GAME ]
Feudal
15:30
Castle
—
Imperial
—
| APM avg | 70.5 |
| APM peak | 92 |
| eAPM avg | 29.6 |
| Villagers / military | 37 / 8 |
Focus
⚔️ 32.0% · 🌾 68.0%
Archer ×6 · Militia ×2
Feudal
—
Castle
—
Imperial
—
| APM avg | 59.3 |
| APM peak | 80 |
| eAPM avg | 29.9 |
| Villagers / military | 53 / 0 |
Focus
⚔️ 41.9% · 🌾 58.1%
Match map
Initial resources + every placement click. Lines = walls · curves = elevation contours. ◆ gold · ⬟ stone · ● berries · ✦ relic · ◌ wall gap
Your base· Open — opponent sealed themselves in
2099's base· ✓ Closed at 12:00 · 16t walls · no gate
Smoothed initial terrain · ◌ = detected wall gap · hover for details
Inputs per minute
— PandaThicc - - 2099
Build order — PandaThicc
81 actions detected in the replay
| 0:00 | Queue | Villager (Male) |
| 0:01 | Queue | Villager (Male) |
| 0:02 | Build | House |
| 0:04 | Research | Loom |
| 0:12 | Build | House |
| 0:18 | Queue | Villager (Male) |
| 0:40 | Queue | Villager (Male) |
| 0:41 | Queue | Villager (Male) |
| 0:41 | Queue | Villager (Male) |
| 1:24 | Queue | Villager (Male) |
| 2:13 | Queue | Villager (Male) |
| 2:15 | Build | Lumber Camp |
| 2:33 | Queue | Villager (Male) |
| 2:37 | Queue | Villager (Male) |
| 3:15 | Queue | Villager (Male) |
| 3:31 | Queue | Villager (Male) |
| 3:55 | Queue | Villager (Male) |
| 3:58 | Build | House |
| 4:01 | Build | House |
| 4:21 | Queue | Villager (Male) |
| 4:56 | Queue | Villager (Male) |
| 5:15 | Build | Mining Camp |
| 5:29 | Queue | Villager (Male) |
| 5:31 | Queue | Villager (Male) |
| 5:39 | Build | House |
| 6:13 | Build | Palisade Wall |
| 6:22 | Queue | Villager (Male) |
| 6:32 | Build | Barracks |
| 6:48 | Queue | Villager (Male) |
| 6:58 | Build | House |
| 7:52 | Queue | Villager (Male) |
| 7:54 | Queue | Villager (Male) |
| 8:23 | Build | Mill |
| 8:29 | Queue | Militia |
| 8:30 | Queue | Militia |
| 8:43 | Build | Lumber Camp |
| 8:46 | Queue | Villager (Male) |
| 8:55 | Build | House |
| 8:57 | Build | Palisade Wall |
| 9:20 | Queue | Villager (Male) |
| 9:32 | Queue | Villager (Male) |
| 9:35 | Queue | Villager (Male) |
| 9:53 | Queue | Villager (Male) |
| 11:09 | Build | Mill |
| 11:16 | Queue | Villager (Male) |
| 11:47 | Build | Town Center |
| 12:55 | Queue | Villager (Male) |
| 13:00 | Queue | Villager (Male) |
| 13:02 | Research | Feudal Age |
| 13:02 | Research | Feudal Age |
| 13:13 | Build | Mining Camp |
| 13:42 | Build | House |
| 13:44 | Build | House |
| 13:46 | Build | House |
| 13:50 | Queue | Villager (Male) |
| 14:21 | Build | Lumber Camp |
| 14:22 | Queue | Villager (Male) |
| 14:38 | Build | Palisade Wall |
| 14:53 | Build | Palisade Wall |
| 15:30 | Age | Feudal Age |
| 15:41 | Build | Archery Range |
| 15:42 | Queue | Villager (Male) |
| 15:48 | Queue | Villager (Male) |
| 15:51 | Research | Double-Bit Axe |
| 15:52 | Research | Double-Bit Axe |
| 15:57 | Queue | Villager (Male) |
| 16:04 | Build | House |
| 16:07 | Queue | Villager (Male) |
| 16:20 | Queue | Archer |
| 16:20 | Queue | Archer |
| 16:30 | Build | House |
| 16:31 | Build | House |
| 16:33 | Queue | Villager (Male) |
| 16:53 | Build | Blacksmith |
| 17:04 | Queue | Archer |
| 17:22 | Queue | Villager (Male) |
| 17:41 | Queue | Archer |
| 17:53 | Queue | Archer |
| 17:54 | Queue | Archer |
| 18:03 | Research | Fletching |
| 18:23 | Build | Town Center |
Build order — 2099
89 actions detected in the replay
| 0:00 | Queue | Villager (Male) |
| 0:01 | Queue | Villager (Male) |
| 0:02 | Build | House |
| 0:04 | Build | House |
| 0:08 | Queue | Villager (Male) |
| 0:08 | Queue | Villager (Male) |
| 0:08 | Queue | Villager (Male) |
| 1:11 | Queue | Villager (Male) |
| 1:11 | Queue | Villager (Male) |
| 1:39 | Build | Lumber Camp |
| 1:43 | Queue | Villager (Male) |
| 2:01 | Queue | Villager (Male) |
| 2:26 | Queue | Villager (Male) |
| 2:49 | Queue | Villager (Male) |
| 2:56 | Build | House |
| 3:09 | Queue | Villager (Male) |
| 3:22 | Build | House |
| 3:31 | Queue | Villager (Male) |
| 3:51 | Queue | Villager (Male) |
| 4:22 | Queue | Villager (Male) |
| 4:22 | Queue | Villager (Male) |
| 4:42 | Queue | Villager (Male) |
| 4:49 | Queue | Villager (Male) |
| 5:01 | Queue | Villager (Male) |
| 5:35 | Research | Loom |
| 5:46 | Build | Palisade Wall |
| 5:50 | Build | Palisade Wall |
| 5:51 | Build | House |
| 5:53 | Queue | Villager (Male) |
| 6:17 | Queue | Villager (Male) |
| 6:57 | Queue | Villager (Male) |
| 7:15 | Build | Town Center |
| 7:22 | Build | House |
| 7:24 | Build | Palisade Wall |
| 7:27 | Build | Palisade Wall |
| 8:18 | Queue | Villager (Male) |
| 8:39 | Build | Palisade Wall |
| 8:51 | Build | Palisade Wall |
| 9:04 | Build | Mill |
| 9:25 | Queue | Villager (Male) |
| 9:30 | Queue | Villager (Male) |
| 10:59 | Queue | Villager (Male) |
| 11:21 | Queue | Villager (Male) |
| 11:35 | Queue | Villager (Male) |
| 11:54 | Queue | Villager (Male) |
| 11:54 | Queue | Villager (Male) |
| 12:11 | Queue | Villager (Male) |
| 12:43 | Queue | Villager (Male) |
| 12:52 | Queue | Villager (Male) |
| 13:14 | Build | House |
| 13:17 | Build | Palisade Wall |
| 13:18 | Build | Palisade Wall |
| 13:25 | Queue | Villager (Male) |
| 13:25 | Queue | Villager (Male) |
| 14:04 | Build | Town Center |
| 14:10 | Build | Town Center |
| 14:21 | Build | Palisade Wall |
| 14:24 | Build | Palisade Wall |
| 14:42 | Build | Palisade Wall |
| 14:43 | Build | Palisade Wall |
| 15:01 | Queue | Villager (Male) |
| 15:05 | Queue | Villager (Male) |
| 15:05 | Queue | Villager (Male) |
| 15:09 | Queue | Villager (Male) |
| 15:09 | Queue | Villager (Male) |
| 15:18 | Queue | Villager (Male) |
| 15:18 | Queue | Villager (Male) |
| 15:33 | Build | House |
| 15:47 | Queue | Villager (Male) |
| 15:47 | Queue | Villager (Male) |
| 16:00 | Queue | Villager (Male) |
| 16:12 | Build | House |
| 16:21 | Queue | Villager (Male) |
| 16:44 | Queue | Villager (Male) |
| 16:47 | Build | Palisade Wall |
| 16:48 | Build | Palisade Wall |
| 17:00 | Build | Palisade Wall |
| 17:03 | Build | Palisade Wall |
| 17:09 | Queue | Villager (Male) |
| 17:21 | Queue | Villager (Male) |
| 17:30 | Build | Palisade Wall |
| 17:56 | Queue | Villager (Male) |
| 17:57 | Build | Palisade Wall |
| 17:59 | Build | Palisade Wall |
| 18:04 | Queue | Villager (Male) |
| 18:06 | Build | Palisade Wall |
| 18:13 | Build | Palisade Wall |
| 18:32 | Queue | Villager (Male) |
| 18:33 | Queue | Villager (Male) |
Match timeline
| 5:46 | 2099 · wall_segment Palisade Wall x9 |
| 5:50 | 2099 · wall_segment Palisade Wall x3 |
| 6:13 | PandaThicc · wall_segment Palisade Wall x1 |
| 6:32 | PandaThicc · first_building Barracks |
| 7:24 | 2099 · wall_segment Palisade Wall x1 |
| 7:27 | 2099 · wall_segment Palisade Wall x1 |
| 8:39 | 2099 · wall_segment Palisade Wall x1 |
| 8:51 | 2099 · wall_segment Palisade Wall x1 |
| 8:57 | PandaThicc · wall_segment Palisade Wall x1 |
| 13:17 | 2099 · wall_segment Palisade Wall x1 |
| 13:18 | 2099 · wall_segment Palisade Wall x1 |
| 14:21 | 2099 · wall_segment Palisade Wall x1 |
| 14:24 | 2099 · wall_segment Palisade Wall x2 |
| 14:38 | PandaThicc · wall_segment Palisade Wall x1 |
| 14:42 | 2099 · wall_segment Palisade Wall x1 |
| 14:43 | 2099 · wall_segment Palisade Wall x1 |
| 14:53 | PandaThicc · wall_segment Palisade Wall x1 |
| 15:30 | PandaThicc · age_up feudal |
| 15:41 | PandaThicc · first_building Archery Range |
| 16:47 | 2099 · wall_segment Palisade Wall x1 |
| 16:48 | 2099 · wall_segment Palisade Wall x1 |
| 17:00 | 2099 · wall_segment Palisade Wall x1 |
| 17:03 | 2099 · wall_segment Palisade Wall x1 |
| 17:30 | 2099 · wall_segment Palisade Wall x2 |
| 17:57 | 2099 · wall_segment Palisade Wall x1 |
| 17:59 | 2099 · wall_segment Palisade Wall x1 |
| 18:06 | 2099 · wall_segment Palisade Wall x1 |
| 18:13 | 2099 · wall_segment Palisade Wall x3 |
[ AI ANALYSIS · 1 CREDIT ]
What really happened in this match?
Wolo.gg analyzes every decision: build order, eco, micro, common mistakes by bracket. Personalized analysis on WhatsApp or Discord in 30 seconds.
Civ guide
Maya
Perfil
PandaThicc